 Dungeon Crawl Stone Soup version 0.18.1-50-g88ac8fd (webtiles) character file.

980 cedor the Stinger (level 7, -5/48 HPs)
             Began as a Demonspawn Wanderer on Sept 23, 2016.
             Shot with an arrow by a centaur (20 damage)
             ... on level 6 of the Dungeon.
             The game lasted 00:18:19 (3365 turns).

cedor the Stinger (Demonspawn Wanderer)             Turns: 3365, Time: 00:18:19

Health: -5/48      AC:  2    Str: 11    XL:     7   Next: 96%
Magic:  4/11       EV: 23    Int: 17    God:
Gold:   249        SH:  0    Dex: 17    Spells: 2 memorised, 8 levels left

rFire  . . .     SeeInvis .     (weapon currently unavailable)
rCold  + . .     Gourm    .     (armour currently unavailable)
rNeg   . . .     Faith    .     (shield currently unavailable)
rPois  x         Spirit   .     (helmet currently unavailable)
rElec  .         Dismiss  .     (cloak currently unavailable)
rCorr  .         Reflect  .     (gloves currently unavailable)
SustAt .         Harm     .     (boots currently unavailable)
MR     .....                    y - amulet of regeneration
Stlth  +++.......               (no ring)
                                F - ring of protection from cold

@: spider-form, not resistant to hostile enchantments, fairly stealthy
A: (hooves 0), (yellow scales 0), (fire resistance 0), (spiny 0)
a: End Transformation


You were on level 6 of the Dungeon.
You were not hungry.
You were a venomous arachnid creature.
You visited 1 branch of the dungeon, and saw 6 of its levels.

You collected 249 gold pieces.


Innate Abilities, Weirdness & Mutations

((You have hoof-like feet.))
((You are partially covered in yellow scales (AC +2).))
((Your flesh is heat resistant.))
((You are partially covered in sharp spines.))


   Skills:
 - Level 1.0 Fighting
 - Level 3.4 Short Blades
 + Level 5.0 Dodging
 - Level 3.2 Stealth
   Level 1.0 Shields
 - Level 3.0 Spellcasting
 + Level 5.4 Poison Magic
 - Level 1.0 Evocations


You had 8 spell levels left.
You knew the following spells:

 Your Spells              Type           Power        Failure   Level  Hunger
x - Spider Form           Trmt/Pois      ##........   41%         3    ###....
z - Sting                 Conj/Pois      ##..         24%         1    None

Inventory:

Hand Weapons
 a - a +2 short sword (melded)
 k - a +0 blowgun
Missiles
 g - 5 needles of confusion
 r - 9 needles of sleeping
Armour
 d - a +0 robe (melded)
 p - a +0 pair of gloves (melded)
 w - a +0 pair of boots (melded)
 C - a +0 cloak (melded)
Jewellery
 y - an amulet of regeneration (around neck)
 F - a ring of protection from cold (left front leg)
Wands
 s - a wand of teleportation (1/9) {!d@v4}
Scrolls
 e - a scroll of noise {!r}
 j - 2 scrolls of remove curse
 l - a scroll of fear
 o - a scroll of fog {unknown}
 t - a scroll of immolation {unknown}
 x - a scroll of recharging {unknown}
 z - a scroll of vulnerability {unknown}
Potions
 b - a potion of lignification {!q}
 h - a potion of magic {unknown}
 n - 3 potions of brilliance {unknown}
 q - a potion of berserk rage {unknown}
 u - 2 potions of flight {unknown}
 v - a potion of degeneration {unknown}
 B - a potion of heal wounds {unknown}
 D - a potion of curing {unknown}
Books
 c - the Reference Book on Contamination

   Spells                             Type                      Level
   a - Sting                          Conjuration/Poison           1
   b - Spider Form                    Transmutation/Poison         3
Comestibles
 f - 8 bread rations
 i - 2 slices of pizza
 m - 2 fruits
 A - a meat ration
 E - 2 chunks of flesh

Dungeon Overview and Level Annotations

Branches:
Dungeon (6/15)
 Temple: D:4-7

Altars:
Cheibriados
Fedhas
Kikubaaqudgha
Makhleb
Nemelex Xobeh
Okawaru
Pakellas
Trog

Annotations:
D:4 exclusion: ogre

▒.▒
▒..▒▒▒▒.▒.▒▒▒
▒.▒▒▒▒..▒▒▒▒.▒.▒
▒...>........▒.▒
▒▒▒▒▒▒..▒▒▒▒▒▒.▒
▒..▒ ▒.▒ ▒..▒
▒.▒ ▒▒▒▒▒▒..▒▒▒
▒.▒ ▒(........▒
▒.▒ ▒s▒▒▒▒..▒.▒
▒.▒ ▒.▒ ▒..▒.▒
▒.▒▒▒ ▒.▒ ▒.>▒ ▒
▒..^. ▒(▒ ▒..▒
▒▒▒▒▒ ▒.▒ ▒...
▒c▒ ▒.... ▒.▒
▒... ▒B▒ ▒.▒


You could see a centaur and a worker ant.


Message History

Aim: a centaur, wielding a shortbow (lightly wounded, poisoned)
The sting hits the centaur.
The centaur is moderately wounded.
The centaur shoots an arrow.
The arrow hits you!
* * * LOW HITPOINT WARNING * * *
Casting: Sting
Confirm with . or Enter, or press ? or * to list all spells.
Aiming: Sting
Press: ? - help, Shift-Dir - straight line, f/p - centaur
Aim: a centaur, wielding a shortbow (moderately wounded, poisoned)
The sting hits the centaur.
The centaur is heavily wounded.
The centaur shoots an arrow.
The arrow barely misses you.
Casting: Sting
Confirm with . or Enter, or press ? or * to list all spells.
Aiming: Sting
Press: ? - help, Shift-Dir - straight line, f/p - centaur
Aim: a centaur, wielding a shortbow (heavily wounded, poisoned)
The sting hits the centaur.
The centaur looks even sicker.
The centaur is severely wounded.
The centaur shoots an arrow.
The arrow hits you!
* * * LOW HITPOINT WARNING * * *
Casting: Sting
Confirm with . or Enter, or press ? or * to list all spells.
You turn into a venomous arachnid creature.
The centaur shoots an arrow.
The arrow misses you.
The centaur shoots an arrow.
The arrow completely misses you.
The centaur shoots an arrow.
The arrow completely misses you.
The centaur shoots an arrow.
The arrow hits you!!
You die...

Action                   |  1- 3 |  4- 6 |  7- 9 || total
-------------------------+-------+-------+-------++-------
Melee: Short sword       |    28 |    47 |    33 ||   108
       Kick              |       |     6 |       ||     6
 Cast: Sting             |    29 |    73 |    17 ||   119
       Spider Form       |       |       |     1 ||     1
Evoke: Wand              |       |     1 |       ||     1
  Use: Scroll            |       |     2 |     1 ||     3
 Stab: Sleeping          |       |     6 |     2 ||     8
  Eat: Fruit             |       |     3 |       ||     3
       Chunk             |       |     3 |     1 ||     4
       Beef jerky        |       |       |     1 ||     1
Armor: Robe              |     3 |     8 |    10 ||    21
Dodge: Dodged            |    17 |    23 |    17 ||    57

Vault maps used:
D:1:      dpeg_arrival_snail
D:2:      tgw_fedhas, lemuel_crystal_altar, guppyfry_early_orc_mine, uniq_iyjb
D:3:      overflow_temple_1_default, first_bread
D:4:      grunt_temple_overflow_open, nicolae_overflow_crystal_walls,
          minmay_misc_feat_four_crosses, grunt_decor_arrowhead
D:5:      old_standard_altar
D:6:      minmay_temple_entry_trees

Notes
Turn   | Place    | Note
--------------------------------------------------------------
     0 | D:1      | cedor the Demonspawn Wanderer began the quest for the Orb.
     0 | D:1      | cedor set off with: a +2 short sword, a potion of lignification {!q}, the Reference Book on Contamination, a +0 robe, a bread ration
     0 | D:1      | Reached XP level 1. HP: 15/15 MP: 4/4
     0 | D:1      | Identified the Reference Book on Contamination
     2 | D:1      | Learned a level 1 spell: Sting
    95 | D:1      | Reached skill level 2 in Short Blades
   293 | D:1      | Gained mutation: You are partially covered in sharp spines. [demonic ancestry]
   293 | D:1      | Reached XP level 2. HP: 17/21 MP: 3/6
   417 | D:1      | Reached skill level 1 in Poison Magic
   607 | D:2      | Gained mutation: You are partially covered in yellow scales (AC +2). [demonic ancestry]
   607 | D:2      | Reached XP level 3. HP: 26/26 MP: 5/7
  1019 | D:2      | Gained mutation: You have large cloven feet. [demonic ancestry]
  1019 | D:2      | Reached XP level 4. HP: 32/32 MP: 6/8
  1022 | D:2      | Found an iron altar of Okawaru.
  1024 | D:2      | Reached skill level 2 in Stealth
  1240 | D:2      | Found a blossoming altar of Fedhas.
  1343 | D:3      | Reached skill level 2 in Dodging
  1373 | D:3      | Found an oddly glowing altar of Pakellas.
  1556 | D:3      | Reached skill level 2 in Poison Magic
  1683 | D:4      | Found an ancient bone altar of Kikubaaqudgha.
  1685 | D:4      | Reached XP level 5. HP: 35/37 MP: 1/9
  1688 | D:4      | Found a bloodstained altar of Trog.
  1692 | D:4      | Reached skill level 3 in Short Blades
  1819 | D:4      | Noticed an ogre
  2165 | D:4      | Found a burning altar of Makhleb.
  2170 | D:4      | Identified a wand of teleportation
  2302 | D:4      | Noticed an ogre
  2341 | D:4      | Reached skill level 3 in Stealth
  2348 | D:4      | Gained mutation: Your flesh is heat resistant. [demonic ancestry]
  2348 | D:4      | Reached XP level 6. HP: 41/43 MP: 5/10
  2395 | D:4      | Found a sparkling altar of Nemelex Xobeh.
  2477 | D:4      | Reached skill level 3 in Poison Magic
  2601 | D:4      | Reached skill level 3 in Dodging
  2611 | D:5      | Entered Level 5 of the Dungeon
  2723 | D:5      | Reached skill level 4 in Poison Magic
  2723 | D:5      | Gained mutation: You have hoof-like feet. [demonic ancestry]
  2723 | D:5      | Reached XP level 7. HP: 35/48 MP: 6/11
  2729 | D:5      | Learned a level 3 spell: Spider Form
  2782 | D:5      | Found a snail-covered altar of Cheibriados.
  2851 | D:5      | Reached skill level 4 in Dodging
  3140 | D:6      | Reached skill level 5 in Poison Magic
  3192 | D:6      | Reached skill level 5 in Dodging
  3365 | D:6      | Shot with an arrow by a centaur

Vanquished Creatures
  A water moccasin (D:6)
  An ice beast (D:5)
  A necrophage (D:5)
  3 ogres
  A giant frog (D:6)
  A scorpion (D:6)
  A hound (D:6)
  An orc priest (D:2)
  An iguana (D:4)
  2 orc wizards
  3 worker ants (D:4)
  2 adders
  A shadow imp (D:5)
  2 oozes
  An adder zombie (D:5)
  3 worms
  A dart slug (D:1)
  6 giant geckos
  10 orcs
  3 giant cockroaches
  6 hobgoblins
  4 jackals (D:1)
  4 quokkas
  4 bats
  4 giant newts
  2 goblins
  8 kobolds
  A quokka skeleton (D:5)
  4 rats
82 creatures vanquished.
